Adelaide Pink Elephants vs Peoria Rivermen
Created - Friday, April 28, 2023 at 07:25
Goals
|
| Adelaide Pink Elephants |
1 |
1 |
0 |
2 |
| Peoria Rivermen |
2 |
0 |
2 |
4 |
|
Shots
|
| Adelaide Pink Elephants |
11 |
3 |
7 |
21 |
| Peoria Rivermen |
7 |
9 |
12 |
28 |
|
1st period
1. Adelaide Pink Elephants , Axel Jonsson-Fjallby 6 (Riley Damiani 9, Nick Cicek 4) at 0:55
2. Peoria Rivermen , Lucas Raymond 33 (Ryan Lomberg 18, Jalen Chatfield 17) at 10:53 (PP)
3. Peoria Rivermen , Brandon Biro 17 (Jalen Chatfield 18) at 18:11
Penalties :
Ryan Lomberg (PRM) for Holding Stick (Minor) at 2:30, Riley Damiani (APE) for Tripping (Minor) at 10:16, Riley Damiani (APE) for Slashing (Minor) at 11:56, Ryan Lomberg (PRM) for Cross-checking (Minor) at 15:14
2nd period
4. Adelaide Pink Elephants , Matthew Phillips 9 (Kevin Stenlund 12, Dominik Simon 16) at 19:34
Penalties :
Ryan Dzingel (APE) for Hooking (Minor) at 15:24
3rd period
5. Peoria Rivermen , Dakota Joshua 14 (Tyler Pitlick 18, Connor Mackey 13) at 0:51
6. Peoria Rivermen , Jalen Chatfield 1 (Sasha Chmelevski 38, Lucas Raymond 45) at 1:18 (PP)
Penalties :
Ryan Dzingel (APE) for Tripping (Minor) at 0:57
Goalie Stats
Jet Greaves (APE), 24 saves from 28 shots - (0.857), L, 10-14-3, 60:00 minutes
Ukko-Pekka Luukkonen (PRM), 19 saves from 21 shots - (0.905), W, 4-4-3, 60:00 minutes
Players Stats for Adelaide Pink Elephants
Player Name G A P +/- PIM S H SB GA TA FO MP PP MP PK MP
------------------------------------------------------------------------------------
A.J. Greer 0 0 0 0 0 1 2 0 0 0 0/0 14:59 0:00 0:56
Adam Gaudette 0 0 0 0 0 2 2 0 0 0 0/0 20:47 1:58 1:44
Axel Jonsson-Fjallby 1 0 1 1 0 1 1 1 0 0 0/1 14:21 0:00 1:31
Ben Gleason 0 0 0 1 0 0 0 1 0 0 0/0 13:08 0:00 0:10
Caleb Jones 0 0 0 0 0 1 2 1 0 0 0/0 26:16 2:49 3:21
Declan Chisholm 0 0 0 -1 0 0 0 0 0 3 0/0 20:14 1:09 1:25
Dominik Simon 0 1 1 0 0 0 2 0 1 0 0/1 18:29 1:49 0:47
Johan Larsson 0 0 0 -1 0 3 2 0 2 2 13/24 22:48 1:53 2:57
Kevin Stenlund 0 1 1 0 0 3 2 0 1 2 5/10 18:26 1:49 0:24
Marc McLaughlin 0 0 0 0 0 0 0 0 0 0 1/1 3:59 0:11 0:00
Matthew Phillips 1 0 1 0 0 3 1 0 0 0 0/0 17:54 1:49 0:00
Nick Cicek 0 1 1 1 0 2 2 0 0 0 0/0 13:08 0:00 0:10
Philippe Myers 0 0 0 0 0 1 3 3 0 0 0/0 26:12 2:49 3:21
Riley Damiani 0 1 1 1 4 3 0 0 0 0 4/5 12:12 0:00 0:00
Robin Salo 0 0 0 -1 0 0 2 0 1 2 0/0 20:11 1:09 1:25
Ryan Dzingel 0 0 0 0 4 1 1 0 0 0 1/1 20:30 2:07 1:33
Ryan Suzuki 0 0 0 -1 0 0 0 0 0 0 1/2 5:01 0:00 0:00
Tyler Madden 0 0 0 0 0 0 0 0 0 0 1/1 6:25 0:18 0:00
Players Stats for Peoria Rivermen
Player Name G A P +/- PIM S H SB GA TA FO MP PP MP PK MP
------------------------------------------------------------------------------------
Brandon Biro 1 0 1 -1 0 2 1 2 0 0 0/0 15:01 0:00 1:25
Connor Mackey 0 1 1 -1 0 1 2 2 1 2 0/0 19:58 1:36 1:50
Dakota Joshua 1 0 1 1 0 6 2 0 0 0 4/8 18:15 1:36 0:29
Grant Mismash 0 0 0 0 0 0 1 0 0 0 1/2 6:49 0:00 0:00
Jakob Pelletier 0 0 0 -1 0 1 3 0 0 0 3/6 13:56 0:20 0:00
Jakub Galvas 0 0 0 0 0 0 0 0 0 0 0/0 13:43 0:00 0:00
Jalen Chatfield 1 2 3 1 0 3 2 0 0 1 0/0 26:09 3:20 2:08
Jesper Froden 0 0 0 0 0 1 0 0 0 0 0/0 6:49 0:00 0:00
Jonas Rondbjerg 0 0 0 -1 0 2 2 1 0 0 0/0 13:53 0:20 0:17
Josiah Slavin 0 0 0 1 0 3 3 0 0 0 0/0 17:48 1:36 0:00
Lucas Raymond 1 1 2 0 0 5 1 1 1 0 1/5 23:07 3:00 2:14
Matthew Kessel 0 0 0 0 0 0 2 0 1 0 0/0 12:55 0:00 0:00
Patrick Giles 0 0 0 0 0 0 0 0 0 0 0/0 5:22 0:29 0:00
Ryan Lomberg 0 1 1 0 4 0 3 0 0 0 0/0 16:58 2:51 0:00
Sasha Chmelevski 0 1 1 0 0 1 1 1 1 0 11/25 19:26 3:00 2:04
Tyler Pitlick 0 1 1 1 0 1 4 0 5 0 0/0 19:45 1:36 1:27
Yegor Zamula 0 0 0 1 0 0 4 0 0 1 0/0 26:05 3:20 2:08
Zachary Jones 0 0 0 -1 0 2 1 2 0 1 0/0 20:01 1:36 1:50
3 Stars
1 - Jalen Chatfield (PRM)
2 - Lucas Raymond (PRM)
3 - Dakota Joshua (PRM)
Power Play
Adelaide Pink Elephants - 0 on 2 Attempt(s) - 0.00%
Peoria Rivermen - 2 on 4 Attempt(s) - 50.00%
Penalty Kill
Adelaide Pink Elephants - 2 on 4 Attempt(s) - 50.00%
- Score 0 goal in Penalty Kill
Peoria Rivermen - 2 on 2 Attempt(s) - 100.00%
- Score 0 goal in Penalty Kill
Team Stat
Adelaide Pink Elephants - Hits : 22 - Faceoff Wins : 26 - Blocked Shots : 6 - Penalty Minutes : 8
Peoria Rivermen - Hits : 32 - Faceoff Wins : 20 - Blocked Shots : 9 - Penalty Minutes : 4
Official
Referees : Unknown
Linesman : Unknown
Game Notes
0:55 of 1st period - Adelaide Pink Elephants goal is going for a video replay. After video review, Goal.
1:18 of 3rd period - Peoria Rivermen goal is going for a video replay. After video review, Goal.
Adelaide Pink Elephants
5 vs 5 Forward
Center Left Wing Right Wing Time % Phy DF OF
1 Johan Larsson Ryan Dzingel Adam Gaudette 40 1 2 2
2 Kevin Stenlund Dominik Simon Matthew Phillips 30 1 2 2
3 Riley Damiani Axel Jonsson-Fjallby A.J. Greer 20 1 2 2
4 Ryan Suzuki A.J. Greer Johan Larsson 10 1 2 2
5 vs 5 Defense
Defense Defense Time % Phy DF OF
1 Caleb Jones Philippe Myers 40 1 2 2
2 Robin Salo Declan Chisholm 30 1 2 2
3 Ben Gleason Nick Cicek 20 1 2 2
4 Caleb Jones Philippe Myers 10 1 2 2
PowerPlay Forward
Center Left Wing Right Wing Time % Phy DF OF
1 Johan Larsson Ryan Dzingel Adam Gaudette 60 1 2 2
2 Kevin Stenlund Dominik Simon Matthew Phillips 40 1 2 2
PowerPlay Defense
Defense Defense Time % Phy DF OF
1 Caleb Jones Philippe Myers 60 1 2 2
2 Robin Salo Declan Chisholm 40 1 2 2
Penalty Kill 4 Players Forward
Center Wing Time % Phy DF OF
1 Johan Larsson Ryan Dzingel 60 1 2 2
2 Adam Gaudette Dominik Simon 40 1 2 2
Penalty Kill 4 Players Defense
Defense Defense Time % Phy DF OF
1 Caleb Jones Philippe Myers 60 1 2 2
2 Robin Salo Declan Chisholm 40 1 2 2
Penalty Kill - 3 Players Forward
Forward Time % Phy DF OF
1 Johan Larsson 60 1 2 2
2 Ryan Dzingel 40 1 2 2
Penalty Kill - 3 Players Defense
Defense Defense Time % Phy DF OF
1 Caleb Jones Philippe Myers 60 1 2 2
2 Robin Salo Declan Chisholm 40 1 2 2
4 vs 4 Forward
Center Wing Time % Phy DF OF
1 Johan Larsson Ryan Dzingel 60 1 2 2
2 Adam Gaudette Dominik Simon 40 1 2 2
4 vs 4 Defense
Defense Defense Time % Phy DF OF
1 Caleb Jones Philippe Myers 60 1 2 2
2 Robin Salo Declan Chisholm 40 1 2 2
Last Minutes Offensive
Center Left Wing Right Wing Defense Defense
Johan Larsson Ryan Dzingel Adam Gaudette Caleb Jones Philippe Myers
Last Minutes Defensive
Center Left Wing Right Wing Defense Defense
Johan Larsson Ryan Dzingel Adam Gaudette Caleb Jones Philippe Myers
Goaltenders
Starting : Jet Greaves
Backup : Matthew Murray
Extra Forwards
Normal : Tyler Madden, Marc McLaughlin, Axel Jonsson-Fjallby - PP : Tyler Madden, Marc McLaughlin - PK : Axel Jonsson-Fjallby
Extra Defensemen
Normal : Ben Gleason, Nick Cicek, Robin Salo - PP : Ben Gleason - PK : Nick Cicek, Robin Salo
Penalty Shots
Johan Larsson, Ryan Dzingel, Adam Gaudette, Dominik Simon, Kevin Stenlund
Peoria Rivermen
5 vs 5 Forward
Center Left Wing Right Wing Time % Phy DF OF
1 Sasha Chmelevski Lucas Raymond Ryan Lomberg 40 1 2 2
2 Dakota Joshua Josiah Slavin Tyler Pitlick 30 1 2 2
3 Jakob Pelletier Brandon Biro Jonas Rondbjerg 20 1 2 2
4 Grant Mismash Lucas Raymond Jesper Froden 10 1 2 2
5 vs 5 Defense
Defense Defense Time % Phy DF OF
1 Jalen Chatfield Yegor Zamula 40 1 2 2
2 Zachary Jones Connor Mackey 30 1 2 2
3 Jakub Galvas Matthew Kessel 20 1 2 2
4 Jalen Chatfield Yegor Zamula 10 1 2 2
PowerPlay Forward
Center Left Wing Right Wing Time % Phy DF OF
1 Sasha Chmelevski Lucas Raymond Ryan Lomberg 60 1 2 2
2 Dakota Joshua Josiah Slavin Tyler Pitlick 40 1 2 2
PowerPlay Defense
Defense Defense Time % Phy DF OF
1 Jalen Chatfield Yegor Zamula 60 1 2 2
2 Zachary Jones Connor Mackey 40 1 2 2
Penalty Kill 4 Players Forward
Center Wing Time % Phy DF OF
1 Lucas Raymond Sasha Chmelevski 60 1 2 2
2 Ryan Lomberg Tyler Pitlick 40 1 2 2
Penalty Kill 4 Players Defense
Defense Defense Time % Phy DF OF
1 Jalen Chatfield Yegor Zamula 60 1 2 2
2 Zachary Jones Connor Mackey 40 1 2 2
Penalty Kill - 3 Players Forward
Forward Time % Phy DF OF
1 Lucas Raymond 60 1 2 2
2 Sasha Chmelevski 40 1 2 2
Penalty Kill - 3 Players Defense
Defense Defense Time % Phy DF OF
1 Jalen Chatfield Yegor Zamula 60 1 2 2
2 Zachary Jones Connor Mackey 40 1 2 2
4 vs 4 Forward
Center Wing Time % Phy DF OF
1 Lucas Raymond Sasha Chmelevski 60 1 2 2
2 Ryan Lomberg Tyler Pitlick 40 1 2 2
4 vs 4 Defense
Defense Defense Time % Phy DF OF
1 Jalen Chatfield Yegor Zamula 60 1 2 2
2 Zachary Jones Connor Mackey 40 1 2 2
Last Minutes Offensive
Center Left Wing Right Wing Defense Defense
Sasha Chmelevski Lucas Raymond Ryan Lomberg Jalen Chatfield Yegor Zamula
Last Minutes Defensive
Center Left Wing Right Wing Defense Defense
Sasha Chmelevski Lucas Raymond Ryan Lomberg Jalen Chatfield Yegor Zamula
Goaltenders
Starting : Ukko-Pekka Luukkonen
Backup : Joey Daccord
Extra Forwards
Normal : Patrick Giles, Jakob Pelletier, Brandon Biro - PP : Patrick Giles, Jakob Pelletier - PK : Brandon Biro
Extra Defensemen
Normal : Jakub Galvas, Matthew Kessel, Zachary Jones - PP : Jakub Galvas - PK : Matthew Kessel, Zachary Jones
Penalty Shots
Lucas Raymond, Sasha Chmelevski, Ryan Lomberg, Tyler Pitlick, Dakota Joshua
% Time on Ice - Adelaide Pink Elephants
Lines # - Real PCT - Wanted PCT - Time Play
Normal Forward
1 - 33% - 40% - 17:02
2 - 33% - 30% - 17:06
3 - 23% - 20% - 11:57
4 - 10% - 10% - 5:01
Normal Defense
1 - 36% - 40% - 18:21
2 - 36% - 30% - 18:29
3 - 25% - 20% - 12:34
4 - 3% - 10% - 1:42
PP Forward
1 - 54% - 60% - 2:09
2 - 46% - 40% - 1:49
PP Defense
1 - 71% - 60% - 2:49
2 - 29% - 40% - 1:09
PK Forward
1 - 90% - 60% - 4:26
2 - 10% - 40% - 0:30
PK Defense
1 - 71% - 60% - 3:31
2 - 29% - 40% - 1:25
PK3 Forward
1 - 0% - 60%
2 - 0% - 40%
PK3 Defense
1 - 0% - 60%
2 - 0% - 40%
44 Forward
1 - 0% - 60%
2 - 0% - 40%
44 Defense
1 - 0% - 60%
2 - 0% - 40%
Last Minute Offensive - 0:00
Last Minute Defensive - 0:00
Total
Forward - 60:00
Defense - 60:00
|
% Time on Ice - Peoria Rivermen
Lines # - Real PCT - Wanted PCT - Time Play
Normal Forward
1 - 29% - 40% - 14:40
2 - 33% - 30% - 16:41
3 - 25% - 20% - 12:56
4 - 13% - 10% - 6:49
Normal Defense
1 - 37% - 40% - 18:40
2 - 34% - 30% - 17:09
3 - 26% - 20% - 13:13
4 - 4% - 10% - 2:04
PP Forward
1 - 68% - 60% - 3:20
2 - 32% - 40% - 1:36
PP Defense
1 - 68% - 60% - 3:20
2 - 32% - 40% - 1:36
PK Forward
1 - 63% - 60% - 2:31
2 - 37% - 40% - 1:27
PK Defense
1 - 54% - 60% - 2:08
2 - 46% - 40% - 1:50
PK3 Forward
1 - 0% - 60%
2 - 0% - 40%
PK3 Defense
1 - 0% - 60%
2 - 0% - 40%
44 Forward
1 - 0% - 60%
2 - 0% - 40%
44 Defense
1 - 0% - 60%
2 - 0% - 40%
Last Minute Offensive - 0:00
Last Minute Defensive - 0:00
Total
Forward - 60:00
Defense - 60:00
|
Play-by-Play
1st period
0:01 of 1st period - Sasha Chmelevski wins face-off versus Johan Larsson in neutral zone.
0:47 of 1st period - Snap shot by Riley Damiani.
0:47 of 1st period - Stopped by Ukko-Pekka Luukkonen with a rebound.
0:53 of 1st period - Slapshot by Riley Damiani.
0:53 of 1st period - Shot Misses the Net.
0:55 of 1st period - Slapshot by Axel Jonsson-Fjallby.
0:55 of 1st period - Adelaide Pink Elephants goal is going for a video replay.
0:55 of 1st period - The goal is good.
0:55 of 1st period - Goal by Axel Jonsson-Fjallby - Adelaide Pink Elephants : 1 - Peoria Rivermen : 0.
0:56 of 1st period - Grant Mismash wins face-off versus Ryan Suzuki in neutral zone.
1:47 of 1st period - Adam Gaudette is hit by Jalen Chatfield and loses puck.
1:53 of 1st period - Icing by Ryan Dzingel.
1:54 of 1st period - Johan Larsson wins face-off versus Lucas Raymond in Adelaide Pink Elephants zone.
1:54 of 1st period - Johan Larsson is hit by Ryan Lomberg.
2:02 of 1st period - Snap shot by Johan Larsson.
2:02 of 1st period - Shot Blocked by Zachary Jones.
2:04 of 1st period - Slapshot by Nick Cicek.
2:04 of 1st period - Stopped by Ukko-Pekka Luukkonen with a rebound.
2:15 of 1st period - Snap shot by Ryan Dzingel.
2:15 of 1st period - Shot Misses the Net.
2:17 of 1st period - Snap shot by Johan Larsson.
2:17 of 1st period - Shot Misses the Net.
2:21 of 1st period - Snap shot by Adam Gaudette.
2:21 of 1st period - Shot Blocked by Sasha Chmelevski.
2:23 of 1st period - Slapshot by Nick Cicek.
2:23 of 1st period - Stopped by Ukko-Pekka Luukkonen with a rebound.
2:30 of 1st period - Minor Penalty to Ryan Lomberg for Holding Stick.
2:31 of 1st period - Kevin Stenlund wins face-off versus Lucas Raymond in Peoria Rivermen zone.
4:30 of 1st period - Penalty to Ryan Lomberg is over, Ryan Lomberg is back on ice.
4:42 of 1st period - Lucas Raymond is hit by A.J. Greer and loses puck.
4:59 of 1st period - Snap shot by Brandon Biro.
4:59 of 1st period - Shot Blocked by Ben Gleason.
5:53 of 1st period - Robin Salo is hit by Jakob Pelletier and loses puck.
6:21 of 1st period - Declan Chisholm is hit by Brandon Biro and loses puck.
6:32 of 1st period - Kevin Stenlund is hit by Tyler Pitlick and loses puck.
6:42 of 1st period - Icing by Kevin Stenlund.
6:43 of 1st period - Riley Damiani wins face-off versus Sasha Chmelevski in Adelaide Pink Elephants zone.
7:00 of 1st period - Slapshot by Johan Larsson.
7:00 of 1st period - Stopped by Ukko-Pekka Luukkonen with a rebound.
7:19 of 1st period - Icing by Josiah Slavin.
7:20 of 1st period - Kevin Stenlund wins face-off versus Dakota Joshua in Peoria Rivermen zone.
7:29 of 1st period - Wrist shot by Matthew Phillips.
7:29 of 1st period - Stopped by Ukko-Pekka Luukkonen without a rebound.
7:30 of 1st period - Johan Larsson wins face-off versus Sasha Chmelevski in Peoria Rivermen zone.
7:33 of 1st period - Wrist shot by Ryan Dzingel.
7:33 of 1st period - Stopped by Ukko-Pekka Luukkonen with a rebound.
8:17 of 1st period - Slapshot by Matthew Phillips.
8:17 of 1st period - Shot Misses the Net.
8:19 of 1st period - Snap shot by Caleb Jones.
8:19 of 1st period - Deflect By Kevin Stenlund.
8:19 of 1st period - Shot Misses the Net.
8:19 of 1st period - Puck is out of play.
8:20 of 1st period - Dakota Joshua wins face-off versus Kevin Stenlund in Peoria Rivermen zone.
9:34 of 1st period - Snap shot by Lucas Raymond.
9:34 of 1st period - Stopped by Jet Greaves with a rebound.
9:56 of 1st period - Wrist shot by Dakota Joshua.
9:56 of 1st period - Stopped by Jet Greaves without a rebound.
9:57 of 1st period - Riley Damiani wins face-off versus Jakob Pelletier in Adelaide Pink Elephants zone.
10:01 of 1st period - Off-side.
10:02 of 1st period - Jakob Pelletier wins face-off versus Riley Damiani in neutral zone.
10:16 of 1st period - Minor Penalty to Riley Damiani for Tripping.
10:17 of 1st period - Sasha Chmelevski wins face-off versus Johan Larsson in Adelaide Pink Elephants zone.
10:21 of 1st period - Wrist shot by Lucas Raymond.
10:21 of 1st period - Stopped by Jet Greaves without a rebound.
10:22 of 1st period - Ryan Dzingel wins face-off versus Sasha Chmelevski in Adelaide Pink Elephants zone.
10:47 of 1st period - Slapshot by Jalen Chatfield.
10:47 of 1st period - Shot Misses the Net.
10:53 of 1st period - Wrist shot by Lucas Raymond.
10:53 of 1st period - Goal by Lucas Raymond - Adelaide Pink Elephants : 1 - Peoria Rivermen : 1.
10:54 of 1st period - Sasha Chmelevski wins face-off versus Johan Larsson in neutral zone.
11:19 of 1st period - Josiah Slavin is hit by Kevin Stenlund and loses puck.
11:39 of 1st period - Snap shot by Riley Damiani.
11:39 of 1st period - Stopped by Ukko-Pekka Luukkonen with a rebound.
11:56 of 1st period - Minor Penalty to Riley Damiani for Slashing.
11:57 of 1st period - Johan Larsson wins face-off versus Sasha Chmelevski in Adelaide Pink Elephants zone.
12:31 of 1st period - Slapshot by Tyler Pitlick.
12:31 of 1st period - Shot Blocked by Philippe Myers.
12:33 of 1st period - Slapshot by Zachary Jones.
12:33 of 1st period - Shot Misses the Net.
12:43 of 1st period - Adam Gaudette is hit by Sasha Chmelevski and loses puck.
13:02 of 1st period - Johan Larsson is hit by Josiah Slavin and loses puck.
13:09 of 1st period - Tyler Pitlick is hit by Caleb Jones and loses puck.
13:56 of 1st period - Penalty to Riley Damiani is over, Riley Damiani is back on ice.
14:03 of 1st period - Off-side.
14:04 of 1st period - Jakob Pelletier wins face-off versus Dominik Simon in neutral zone.
14:09 of 1st period - Wrist shot by Brandon Biro.
14:09 of 1st period - Stopped by Jet Greaves without a rebound.
14:10 of 1st period - Jakob Pelletier wins face-off versus Kevin Stenlund in Adelaide Pink Elephants zone.
14:23 of 1st period - Wrist shot by Kevin Stenlund.
14:23 of 1st period - Shot Misses the Net.
14:57 of 1st period - Wrist shot by Riley Damiani.
14:57 of 1st period - Stopped by Ukko-Pekka Luukkonen without a rebound.
14:58 of 1st period - Riley Damiani wins face-off versus Sasha Chmelevski in Peoria Rivermen zone.
15:05 of 1st period - Snap shot by Axel Jonsson-Fjallby.
15:05 of 1st period - Shot Misses the Net.
15:07 of 1st period - Slapshot by Philippe Myers.
15:07 of 1st period - Stopped by Ukko-Pekka Luukkonen with a rebound.
15:09 of 1st period - Slapshot by A.J. Greer.
15:09 of 1st period - Shot Misses the Net.
15:14 of 1st period - Minor Penalty to Ryan Lomberg for Cross-checking.
15:15 of 1st period - Lucas Raymond wins face-off versus Johan Larsson in Peoria Rivermen zone.
15:41 of 1st period - Icing by Caleb Jones.
15:42 of 1st period - Johan Larsson wins face-off versus Lucas Raymond in Adelaide Pink Elephants zone.
16:11 of 1st period - Snap shot by Kevin Stenlund.
16:11 of 1st period - Stopped by Ukko-Pekka Luukkonen without a rebound.
16:12 of 1st period - Kevin Stenlund wins face-off versus Lucas Raymond in Peoria Rivermen zone.
17:14 of 1st period - Penalty to Ryan Lomberg is over, Ryan Lomberg is back on ice.
17:23 of 1st period - Axel Jonsson-Fjallby is hit by Tyler Pitlick and loses puck.
17:54 of 1st period - Jakub Galvas is hit by Johan Larsson and loses puck.
18:11 of 1st period - Snap shot by Brandon Biro.
18:11 of 1st period - Goal by Brandon Biro - Adelaide Pink Elephants : 1 - Peoria Rivermen : 2.
18:12 of 1st period - Sasha Chmelevski wins face-off versus Johan Larsson in neutral zone.
19:01 of 1st period - Icing by Yegor Zamula.
19:02 of 1st period - Riley Damiani wins face-off versus Dakota Joshua in Peoria Rivermen zone.
19:27 of 1st period - Ryan Lomberg is hit by Philippe Myers and loses puck.
19:56 of 1st period - Snap shot by Jonas Rondbjerg.
19:56 of 1st period - Stopped by Jet Greaves without a rebound.
19:57 of 1st period - Johan Larsson wins face-off versus Sasha Chmelevski in Adelaide Pink Elephants zone.
Goals for this period are 1 for Adelaide Pink Elephants vs 2 for Peoria Rivermen.
Shots for this period are 11 for Adelaide Pink Elephants vs 7 for Peoria Rivermen.
2nd period
0:01 of 2nd period - Sasha Chmelevski wins face-off versus Johan Larsson in neutral zone.
0:26 of 2nd period - Zachary Jones is hit by Dominik Simon and loses puck.
0:37 of 2nd period - Wrist shot by Matthew Phillips.
0:37 of 2nd period - Shot Misses the Net.
0:49 of 2nd period - Wrist shot by Jakob Pelletier.
0:49 of 2nd period - Shot Misses the Net.
0:55 of 2nd period - Matthew Kessel is hit by A.J. Greer.
1:36 of 2nd period - Zachary Jones is hit by Matthew Phillips and loses puck.
2:52 of 2nd period - Caleb Jones is hit by Jalen Chatfield and loses puck.
2:59 of 2nd period - Lucas Raymond is hit by Ryan Dzingel and loses puck.
3:12 of 2nd period - Slapshot by Jonas Rondbjerg.
3:12 of 2nd period - Stopped by Jet Greaves with a rebound.
3:18 of 2nd period - Slapshot by Jakob Pelletier.
3:18 of 2nd period - Stopped by Jet Greaves with a rebound.
3:30 of 2nd period - Sasha Chmelevski is hit by Dominik Simon and loses puck.
4:01 of 2nd period - Connor Mackey is hit by Philippe Myers and loses puck.
4:46 of 2nd period - Jonas Rondbjerg is hit by Adam Gaudette and loses puck.
5:48 of 2nd period - Jonas Rondbjerg is hit by Adam Gaudette and loses puck.
6:11 of 2nd period - Robin Salo is hit by Connor Mackey and loses puck.
6:31 of 2nd period - Jesper Froden is hit by Caleb Jones.
7:04 of 2nd period - Jakub Galvas is hit by Nick Cicek and loses puck.
7:49 of 2nd period - Ben Gleason is hit by Yegor Zamula and loses puck.
8:44 of 2nd period - Robin Salo is hit by Ryan Lomberg and loses puck.
9:12 of 2nd period - Ben Gleason is hit by Jonas Rondbjerg and loses puck.
10:34 of 2nd period - Dominik Simon is hit by Josiah Slavin and loses puck.
10:59 of 2nd period - Ryan Suzuki is hit by Ryan Lomberg and loses puck.
12:43 of 2nd period - Caleb Jones is hit by Matthew Kessel and loses puck.
13:03 of 2nd period - Dominik Simon is hit by Yegor Zamula and loses puck.
13:58 of 2nd period - Snap shot by Josiah Slavin.
13:58 of 2nd period - Shot Blocked by Philippe Myers.
14:07 of 2nd period - Icing by Declan Chisholm.
14:08 of 2nd period - Dakota Joshua wins face-off versus Kevin Stenlund in Adelaide Pink Elephants zone.
14:09 of 2nd period - Wrist shot by Tyler Pitlick.
14:09 of 2nd period - Shot Blocked by Philippe Myers.
14:11 of 2nd period - Slapshot by Josiah Slavin.
14:11 of 2nd period - Stopped by Jet Greaves with a rebound.
14:13 of 2nd period - Wrist shot by Dakota Joshua.
14:13 of 2nd period - Stopped by Jet Greaves without a rebound.
14:14 of 2nd period - Dakota Joshua wins face-off versus Kevin Stenlund in Adelaide Pink Elephants zone.
14:17 of 2nd period - Wrist shot by Josiah Slavin.
14:17 of 2nd period - Shot Blocked by Caleb Jones.
14:19 of 2nd period - Wrist shot by Josiah Slavin.
14:19 of 2nd period - Stopped by Jet Greaves with a rebound.
14:21 of 2nd period - Snap shot by Jalen Chatfield.
14:21 of 2nd period - Stopped by Jet Greaves without a rebound.
14:22 of 2nd period - Johan Larsson wins face-off versus Jakob Pelletier in Adelaide Pink Elephants zone.
14:27 of 2nd period - Slapshot by Caleb Jones.
14:27 of 2nd period - Shot Blocked by Jonas Rondbjerg.
14:55 of 2nd period - Snap shot by Kevin Stenlund.
14:55 of 2nd period - Stopped by Ukko-Pekka Luukkonen with a rebound.
14:57 of 2nd period - Snap shot by Matthew Phillips.
14:57 of 2nd period - Shot Blocked by Zachary Jones.
15:24 of 2nd period - Minor Penalty to Ryan Dzingel for Hooking.
15:25 of 2nd period - Johan Larsson wins face-off versus Sasha Chmelevski in Adelaide Pink Elephants zone.
16:47 of 2nd period - Sasha Chmelevski is hit by Robin Salo and loses puck.
17:24 of 2nd period - Penalty to Ryan Dzingel is over, Ryan Dzingel is back on ice.
17:54 of 2nd period - Snap shot by Matthew Phillips.
17:54 of 2nd period - Shot Blocked by Brandon Biro.
18:14 of 2nd period - Zachary Jones is hit by Philippe Myers and loses puck.
18:31 of 2nd period - Slapshot by Zachary Jones.
18:31 of 2nd period - Stopped by Jet Greaves without a rebound.
18:32 of 2nd period - Tyler Madden wins face-off versus Grant Mismash in Adelaide Pink Elephants zone.
18:47 of 2nd period - Snap shot by Jesper Froden.
18:47 of 2nd period - Stopped by Jet Greaves with a rebound.
18:59 of 2nd period - Slapshot by Dakota Joshua.
18:59 of 2nd period - Shot Misses the Net.
19:05 of 2nd period - Riley Damiani is hit by Yegor Zamula.
19:20 of 2nd period - Slapshot by Johan Larsson.
19:20 of 2nd period - Stopped by Ukko-Pekka Luukkonen with a rebound.
19:34 of 2nd period - Snap shot by Kevin Stenlund.
19:34 of 2nd period - Deflect By Matthew Phillips.
19:34 of 2nd period - Goal by Matthew Phillips - Adelaide Pink Elephants : 2 - Peoria Rivermen : 2.
19:35 of 2nd period - Johan Larsson wins face-off versus Sasha Chmelevski in neutral zone.
19:50 of 2nd period - Snap shot by Sasha Chmelevski.
19:50 of 2nd period - Stopped by Jet Greaves with a rebound.
Goals for this period are 1 for Adelaide Pink Elephants vs 0 for Peoria Rivermen.
Shots for this period are 3 for Adelaide Pink Elephants vs 9 for Peoria Rivermen.
3rd period
0:01 of 3rd period - Johan Larsson wins face-off versus Sasha Chmelevski in neutral zone.
0:06 of 3rd period - Snap shot by Johan Larsson.
0:06 of 3rd period - Stopped by Ukko-Pekka Luukkonen without a rebound.
0:07 of 3rd period - Sasha Chmelevski wins face-off versus Johan Larsson in Peoria Rivermen zone.
0:33 of 3rd period - Slapshot by Ryan Dzingel.
0:33 of 3rd period - Shot Misses the Net.
0:35 of 3rd period - Snap shot by Matthew Phillips.
0:35 of 3rd period - Stopped by Ukko-Pekka Luukkonen without a rebound.
0:36 of 3rd period - Dakota Joshua wins face-off versus Kevin Stenlund in Peoria Rivermen zone.
0:51 of 3rd period - Snap shot by Dakota Joshua.
0:51 of 3rd period - Goal by Dakota Joshua - Adelaide Pink Elephants : 2 - Peoria Rivermen : 3.
0:52 of 3rd period - Sasha Chmelevski wins face-off versus Johan Larsson in neutral zone.
0:55 of 3rd period - Wrist shot by Lucas Raymond.
0:55 of 3rd period - Shot Misses the Net.
0:57 of 3rd period - Minor Penalty to Ryan Dzingel for Tripping.
0:58 of 3rd period - Johan Larsson wins face-off versus Sasha Chmelevski in Adelaide Pink Elephants zone.
1:12 of 3rd period - Slapshot by Lucas Raymond.
1:12 of 3rd period - Stopped by Jet Greaves without a rebound.
1:13 of 3rd period - Sasha Chmelevski wins face-off versus Axel Jonsson-Fjallby in Adelaide Pink Elephants zone.
1:16 of 3rd period - Wrist shot by Sasha Chmelevski.
1:16 of 3rd period - Shot Blocked by Axel Jonsson-Fjallby.
1:18 of 3rd period - Slapshot by Jalen Chatfield.
1:18 of 3rd period - Peoria Rivermen goal is going for a video replay.
1:18 of 3rd period - The goal is good.
1:18 of 3rd period - Goal by Jalen Chatfield - Adelaide Pink Elephants : 2 - Peoria Rivermen : 4.
1:19 of 3rd period - Johan Larsson wins face-off versus Sasha Chmelevski in neutral zone.
1:44 of 3rd period - Philippe Myers is hit by Tyler Pitlick and loses puck.
1:51 of 3rd period - Wrist shot by Tyler Pitlick.
1:51 of 3rd period - Stopped by Jet Greaves with a rebound.
2:16 of 3rd period - Philippe Myers is hit by Jonas Rondbjerg.
2:44 of 3rd period - Tyler Pitlick is hit by Kevin Stenlund and loses puck.
3:07 of 3rd period - Jalen Chatfield is hit by Nick Cicek and loses puck.
3:28 of 3rd period - Slapshot by Jakob Pelletier.
3:28 of 3rd period - Shot Misses the Net.
3:30 of 3rd period - Snap shot by Jalen Chatfield.
3:30 of 3rd period - Stopped by Jet Greaves without a rebound.
3:31 of 3rd period - Kevin Stenlund wins face-off versus Dakota Joshua in Adelaide Pink Elephants zone.
3:31 of 3rd period - Kevin Stenlund is hit by Connor Mackey.
3:37 of 3rd period - Caleb Jones is hit by Josiah Slavin and loses puck.
3:42 of 3rd period - Snap shot by Dakota Joshua.
3:42 of 3rd period - Stopped by Jet Greaves with a rebound.
3:44 of 3rd period - Slapshot by Connor Mackey.
3:44 of 3rd period - Stopped by Jet Greaves without a rebound.
3:45 of 3rd period - Sasha Chmelevski wins face-off versus Johan Larsson in Adelaide Pink Elephants zone.
3:46 of 3rd period - Wrist shot by Lucas Raymond.
3:46 of 3rd period - Stopped by Jet Greaves without a rebound.
3:47 of 3rd period - Sasha Chmelevski wins face-off versus Johan Larsson in Adelaide Pink Elephants zone.
3:51 of 3rd period - Icing by Ryan Dzingel.
3:52 of 3rd period - Sasha Chmelevski wins face-off versus Johan Larsson in Adelaide Pink Elephants zone.
4:06 of 3rd period - Snap shot by Johan Larsson.
4:06 of 3rd period - Shot Blocked by Connor Mackey.
4:08 of 3rd period - Slapshot by Adam Gaudette.
4:08 of 3rd period - Shot Misses the Net.
4:22 of 3rd period - Snap shot by Dakota Joshua.
4:22 of 3rd period - Stopped by Jet Greaves without a rebound.
4:23 of 3rd period - Kevin Stenlund wins face-off versus Dakota Joshua in Adelaide Pink Elephants zone.
4:35 of 3rd period - Matthew Phillips is hit by Dakota Joshua and loses puck.
4:58 of 3rd period - Slapshot by Tyler Pitlick.
4:58 of 3rd period - Deflect By Dakota Joshua.
4:58 of 3rd period - Deflect By Dominik Simon.
4:58 of 3rd period - Stopped by Jet Greaves with a rebound.
5:00 of 3rd period - Wrist shot by Josiah Slavin.
5:00 of 3rd period - Stopped by Jet Greaves without a rebound.
5:01 of 3rd period - Johan Larsson wins face-off versus Sasha Chmelevski in Adelaide Pink Elephants zone.
5:01 of 3rd period - Johan Larsson is hit by Lucas Raymond.
6:21 of 3rd period - Wrist shot by Brandon Biro.
6:21 of 3rd period - Shot Misses the Net.
6:59 of 3rd period - Riley Damiani is hit by Yegor Zamula.
7:07 of 3rd period - Ben Gleason is hit by Tyler Pitlick and loses puck.
9:01 of 3rd period - Wrist shot by Zachary Jones.
9:01 of 3rd period - Stopped by Jet Greaves without a rebound.
9:02 of 3rd period - Ryan Suzuki wins face-off versus Jakob Pelletier in Adelaide Pink Elephants zone.
9:02 of 3rd period - Ryan Suzuki is hit by Jakob Pelletier.
9:24 of 3rd period - Ben Gleason is hit by Dakota Joshua and loses puck.
11:14 of 3rd period - Kevin Stenlund is hit by Matthew Kessel.
12:31 of 3rd period - Declan Chisholm is hit by Jakob Pelletier and loses puck.
13:00 of 3rd period - Ryan Dzingel is hit by Grant Mismash and loses puck.
13:11 of 3rd period - Nick Cicek is hit by Zachary Jones and loses puck.
16:18 of 3rd period - Sasha Chmelevski is hit by Johan Larsson and loses puck.
16:51 of 3rd period - Jakob Pelletier is hit by Axel Jonsson-Fjallby and loses puck.
17:15 of 3rd period - Tyler Pitlick is hit by Robin Salo and loses puck.
17:33 of 3rd period - Icing by Jonas Rondbjerg.
17:34 of 3rd period - Marc McLaughlin wins face-off versus Sasha Chmelevski in Peoria Rivermen zone.
17:37 of 3rd period - Snap shot by Adam Gaudette.
17:37 of 3rd period - Stopped by Ukko-Pekka Luukkonen with a rebound.
17:39 of 3rd period - Snap shot by Ryan Dzingel.
17:39 of 3rd period - Shot Misses the Net.
17:41 of 3rd period - Snap shot by Ryan Dzingel.
17:41 of 3rd period - Shot Misses the Net.
17:43 of 3rd period - Wrist shot by Caleb Jones.
17:43 of 3rd period - Stopped by Ukko-Pekka Luukkonen without a rebound.
17:44 of 3rd period - Johan Larsson wins face-off versus Sasha Chmelevski in Peoria Rivermen zone.
17:49 of 3rd period - Slapshot by A.J. Greer.
17:49 of 3rd period - Shot Blocked by Lucas Raymond.
17:51 of 3rd period - Wrist shot by A.J. Greer.
17:51 of 3rd period - Shot Misses the Net.
17:53 of 3rd period - Snap shot by Ryan Suzuki.
17:53 of 3rd period - Shot Misses the Net.
17:55 of 3rd period - Snap shot by A.J. Greer.
17:55 of 3rd period - Shot Misses the Net.
17:57 of 3rd period - Snap shot by Johan Larsson.
17:57 of 3rd period - Shot Misses the Net.
17:59 of 3rd period - Wrist shot by A.J. Greer.
17:59 of 3rd period - Stopped by Ukko-Pekka Luukkonen with a rebound.
18:24 of 3rd period - Wrist shot by Kevin Stenlund.
18:24 of 3rd period - Stopped by Ukko-Pekka Luukkonen with a rebound.
18:26 of 3rd period - Wrist shot by Adam Gaudette.
18:26 of 3rd period - Stopped by Ukko-Pekka Luukkonen with a rebound.
18:28 of 3rd period - Backhand shot by Philippe Myers.
18:28 of 3rd period - Shot Blocked by Brandon Biro.
18:30 of 3rd period - Slapshot by Philippe Myers.
18:30 of 3rd period - Shot Blocked by Connor Mackey.
Goals for this period are 0 for Adelaide Pink Elephants vs 2 for Peoria Rivermen.
Shots for this period are 7 for Adelaide Pink Elephants vs 12 for Peoria Rivermen.
Back to the Top